 Dungeon Crawl Stone Soup version 0.28-a0-779-g3d1f99b579 (webtiles) character file.

Game seed: 9944358692405361438

309 kae the Chopper (level 6, 0/84 HPs)
             Began as a Hill Orc Cinder Acolyte on Nov 2, 2021.
             Was a High Priest of Ignis.
             Hit by a stone thrown by Edmund (2 damage)
             ... on level 4 of the Dungeon.
             The game lasted 00:02:01 (4558 turns).

kae the Chopper (Hill Orc Cinder Acolyte)           Turns: 4558, Time: 00:02:02

Health: 0/84       AC:  3    Str: 19    XL:     6   Next: 41%
Magic:  2/9        EV: 11    Int: 14    God:    Ignis [*****.]
Gold:   171        SH:  0    Dex:  6    Spells: 7/9 levels left

rFire   + . .      SeeInvis .   a - +0 hand axe (flame)
rCold   . . .      Faith    .   (no shield)
rNeg    . . .      Spirit   .   b - +1 robe
rPois   .          Reflect  .   (no helmet)
rElec   .          Harm     .   (no cloak)
rCorr   .          Rampage  .   (no gloves)
Will    .....                   (no boots)
Stlth   ..........              (no amulet)
HPRegen 0.24/turn               (no ring)
MPRegen 0.11/turn               (no ring)

@: berserking, very slightly contaminated, very quick
A: no striking features
a: Renounce Religion, Sea of Fire, Foxfire Swarm, Rising Flame


You were on level 4 of the Dungeon.
You worshipped Ignis.
Ignis was extremely pleased with you.
You visited 1 branch of the dungeon, and saw 4 of its levels.

You collected 171 gold pieces.

Inventory:

Hand Weapons
 a - a +0 hand axe of flaming (weapon)
Armour
 b - a +1 robe (worn)
Wands
 c - a wand of iceblast (13)
Scrolls
 e - 2 scrolls of teleportation
 f - 2 scrolls of noise
 g - a scroll of vulnerability {unknown}
Potions
 d - 2 potions of berserk rage
 h - a potion of flight
 i - a potion of attraction {unknown}
 j - a potion of mutation
 k - a potion of magic {unknown}
 l - a potion of curing {unknown}


   Skills:
 + Level 5.0 Fighting
 * Level 6.5 Axes
 + Level 2.1 Spellcasting
 + Level 4.5 Fire Magic


You had 7 spell levels left.
You knew the following spells:

 Your Spells              Type           Power      Damage    Failure   Level
a - Scorch                Fire           28%        2d6       5%          2

Your spell library contained the following spells:

 Spells                   Type           Power      Damage    Failure   Level


Dungeon Overview and Level Annotations

Branches:
Dungeon (4/15)
 Temple: D:4-7

Altars:

Annotations:
D:4 Edmund


Message History

Confirm with . or Enter, or press ? or * to list all spells.
Flames lash Edmund.
Edmund is burned terribly!
Edmund is moderately wounded.
Edmund hits you with a +4 flail of protection.
Edmund is no longer more vulnerable to fire.
Edmund hits you with a +4 flail of protection!
Casting: Scorch (safe; 5% risk of failure)
Confirm with . or Enter, or press ? or * to list all spells.
You miscast Scorch.
You are very lightly contaminated with residual magic.
Nothing appears to happen.
Edmund barely misses you.
Casting: Scorch (safe; 5% risk of failure)
Confirm with . or Enter, or press ? or * to list all spells.
Flames lash Edmund but do no damage.
Edmund hits you with a +4 flail of protection.
Edmund barely misses you.
Casting: Scorch (safe; 5% risk of failure)
Confirm with . or Enter, or press ? or * to list all spells.
You don't have enough magic to cast this spell.
Casting: Scorch (safe; 5% risk of failure)
Confirm with . or Enter, or press ? or * to list all spells.
You don't have enough magic to cast this spell.
You are too injured to fight recklessly!
You are too injured to fight recklessly!
You completely miss Edmund.
Edmund is lightly wounded.
Edmund hits you with a +4 flail of protection!
* * * LOW HITPOINT WARNING * * *
You closely miss Edmund.
Edmund is lightly wounded.
Edmund hits you with a +4 flail of protection!
* * * LOW HITPOINT WARNING * * *
Unknown command.
Edmund throws a stone.
The stone closely misses you.
Okay, then.
It was a potion of berserk rage.
A red film seems to cover your vision as you go berserk!
You feel yourself moving faster!
You feel mighty!
Edmund throws a stone.
The stone hits you.
You die...

##. #.. #.## #..###
####.... # #......###
.< #....#.@.# ###.#
#......#.##....#.#
#...#..#.@.)$....#
#...#..####.##...#
#...##.## .# . #...
#..# .# #... #..# ..
#... ##.############
##...###.>...... ...#
#.......##########.##
#.......# #....#<รท.#


You could see Edmund.

Vanquished Creatures
  A hound (D:4)
  3 jellies
  Terence (D:3)
  8 adders
  An adder zombie (D:1)
  A dart slug (D:2)
  4 ball pythons
  A bat zombie (D:1)
  17 endoplasms
  3 giant cockroaches
  7 goblins
  4 hobgoblins
  2 jackals (D:1)
  11 kobolds
  3 quokkas
  7 bats
  3 frilled lizards
  8 rats
85 creatures vanquished.

Vanquished Creatures (others)
  11 fungi
  7 toadstools (D:3)
18 creatures vanquished.

Grand Total: 103 creatures vanquished

Notes
Turn   | Place    | Note
-------+----------+-------------------------------------------
     0 | D:1      | kae the Hill Orc Cinder Acolyte began the quest for the
                  | Orb.
     0 | D:1      | Reached XP level 1. HP: 19/19 MP: 2/2
   202 | D:1      | Reached XP level 2. HP: 13/27 MP: 3/3
   205 | D:1      | Learned a level 2 spell: Scorch
   969 | D:1      | Found a faded altar of an unknown god.
  1014 | D:1      | Reached XP level 3. HP: 33/33 MP: 4/4
  2059 | D:2      | Reached skill level 5 in Axes
  2059 | D:2      | Reached XP level 4. HP: 35/40 MP: 1/6
  2914 | D:3      | Reached XP level 5. HP: 47/47 MP: 0/7
  3371 | D:3      | Noticed Terence
  3382 | D:3      | Killed Terence
  3383 | D:3      | Reached skill level 6 in Axes
  4048 | D:4      | Noticed Edmund
  4084 | D:4      | Reached XP level 6. HP: 55/55 MP: 6/9
  4427 | D:4      | Reached skill level 5 in Fighting
  4556 | D:4      | HP: 1/56 [Edmund (10)]
  4558 | D:4      | Hit by a stone thrown by Edmund

Illustrated notes

Levels and vault maps discovered:
D:1:      saegor_arrival_fortress, layout_loops_ring,
          dreamdust_ecumenical_altar_grove, grunt_decor_fettered
D:2:      layout_rooms, minmay_pentomino_q4
D:3:      cheibrodos_fertilizer, layout_basic, uniq_terence
D:4:      minmay_evil_eye, layout_basic, uniq_menkaure, uniq_edmund

Skill      XL: |  1  2  3  4  5  6 |
---------------+-------------------+-----
Fighting       | 4 5 |  5.0
Axes           | 5 6 |  6.5
Fire Magic     | 4 |  4.5
Spellcasting   | 2 |  2.1

Action                   |  1- 3 |  4- 6 || total
-------------------------+-------+-------++-------
Melee: Hand axe          |    96 |    54 ||   150
 Cast: Scorch            |    16 |    39 ||    55
  Use: Potion            |     1 |     1 ||     2
       Scroll            |       |     7 ||     7
Armor: Robe              |    26 |    13 ||    39
Dodge: Dodged            |    76 |    44 ||   120

Table legend: (Time is in decaauts)
 A = Elapsed time spent in this place.
 B = Non-inter-level travel time spent in this place.
 C = Inter-level travel time spent in this place.
 D = Time resting spent in this place.
 E = Time spent auto-exploring this place.
 F = Levels seen in this place.
 G = Mean time per level.
                   A        B        C        D        E       F      G
               +--------+--------+--------+--------+--------+-----+--------+
         Total |   4566 |   4456 |    110 |    356 |   3602 |   4 | 1141.5 |
       Dungeon |   4566 |   4456 |    110 |    356 |   3602 |   4 | 1141.5 |
               +--------+--------+--------+--------+--------+-----+--------+

Top non-repeatable levels by time:
     D:1: 1542 daAuts
     D:3: 1380 daAuts
     D:2: 1137 daAuts
     D:4: 506 daAuts
